 Dungeon Crawl Stone Soup version 0.26-a0-1002-g7355149c4d (webtiles) character file.

Game seed: 5669529985110836007

417036 dolemite99 the Fruitful (level 23, -15/162 HPs)
             Began as a Gnoll Air Elementalist on Dec 5, 2020.
             Was a Priest of Fedhas.
             Killed from afar by a rakshasa (illusionary) (19 damage)
             ... with a lance of force
             ... while paralysed by a lich
             ... on level 2 of the Depths on Dec 7, 2020.
             The game lasted 04:37:47 (98217 turns).

dolemite99 the Fruitful (Gnoll Air Elementalist)   Turns: 98217, Time: 04:37:47

Health: -15/162    AC: 31    Str: 17    XL:     23   Next: 28%
Magic:  51/51      EV:  2    Int: 31    God:    Fedhas [***...]
Gold:   273        SH:  0    Dex: 14    Spells: 3/53 levels left

rFire    + + +     SeeInvis +   b - +3 demon blade (elec)
rCold    + . .     Faith    .   v - +0 kite shield {reflect}
rNeg     + + +     Spirit   .   s - +6 fire dragon scales
rPois    +         Reflect  +   O - +3 helmet of Fabulous Knowledge {Str+2 Int+3}
rElec    .         Harm     .   r - +2 cloak "Ceorgh" {Rampage rF+ Dex-5}
rCorr    .         Rampage  +   P - +0 pair of fencer's gloves {Riposte Dex+3}
Will     +....                  l - +0 pair of boots "Wuosue" {rC+ SInv Stlth-}
Stlth    +++.......             t - amulet "Hemmidgh" {Acrobat rPois Int+4 Dex+2}
HPRegen  0.37/turn              N - ring of Demons {rPois rC+ rN+++ Str+2 Dex-3}
MPRegen  0.32/turn              T - ring of Benim {Wiz MP+9, =R}

@: paralysed
A: distributed training, fangs 1, frail 1, strong nose
}: 3/15 runes: decaying, serpentine, abyssal
a: Wall of Briars, Grow Ballistomycete, Renounce Religion


You were on level 2 of the Depths.
You worshipped Fedhas.
Fedhas was most pleased with you.
You visited 9 branches of the dungeon, and saw 43 of its levels.
You visited the Abyss 3 times.
You visited 1 bazaar.

You collected 5810 gold pieces.
You spent 5537 gold pieces at shops.

Inventory:

Hand Weapons
 b - a +3 demon blade of electrocution (weapon)
 w - a +2 double sword of draining
 Y - a +5 fustibalus
Missiles
 d - 1110 stones (quivered)
 Z - 45 sling bullets
Armour
 l - the +0 pair of boots "Wuosue" (worn) {rC+ SInv Stlth-}
   (You acquired it on level 3 of the Elven Halls)

   It protects you from cold.
   It lets you see invisible.
   It makes you less stealthy.
 r - the +2 cloak "Ceorgh" (worn) {Rampage rF+ Dex-5}
   (You bought it in a shop on level 4 of the Vaults)

   It affects your dexterity (-5).
   It protects you from fire.
   It bestows one free step when moving towards enemies.
 s - +6 fire dragon scales (worn)
 v - a +0 kite shield of reflection (worn)
 C - the +1 pair of boots "Yhodueck" {Rampage rElec rN+ Int+2}
   (You found it on level 3 of the Elven Halls)

   It affects your intelligence (+2).
   It insulates you from electricity.
   It protects you from negative energy.
   It bestows one free step when moving towards enemies.
 O - the +3 helmet of Fabulous Knowledge (worn) {Str+2 Int+3}
   (You found it on level 2 of the Elven Halls)

   It affects your strength (+2).
   It affects your intelligence (+3).
 P - the +0 pair of fencer's gloves (worn) {Riposte Dex+3}
   (You bought it in a shop on level 3 of the Snake Pit)

   It affects your dexterity (+3).
Magical Staves
 a - an uncursed staff of air
 U - an uncursed staff of fire
Jewellery
 e - an uncursed ring of willpower
 i - the ring of Wisdom {Dex+6 SInv}
   (You took it off a deep elf mage on level 3 of the Elven Halls)

   [ring of see invisible]

   It affects your dexterity (+6).
   It lets you see invisible.
 j - the ring of Xom's Capriciousness {Int+6 Slay+4}
   (You acquired it on level 6 of the Dungeon)

   [ring of slaying]

   It affects your intelligence (+6).
   It affects your accuracy and damage with ranged weapons and melee attacks
   (+4).
 t - the amulet "Hemmidgh" (around neck) {Acrobat rPois Int+4 Dex+2}
   (You found it on level 14 of the Dungeon)

   [amulet of the acrobat]

   It helps you evade while moving and waiting.
   It affects your intelligence (+4).
   It affects your dexterity (+2).
   It protects you from poison.
 u - an uncursed ring of protection from fire
 N - the ring of Demons (left hand) {rPois rC+ rN+++ Str+2 Dex-3}
   (You found it on level 6 of the Lair of Beasts)

   [ring of poison resistance]

   It affects your strength (+2).
   It affects your dexterity (-3).
   It protects you from cold.
   It protects you from poison.
   It renders you almost immune to negative energy.
 R - the ring of Discord {rN++ MP+9 Int-2}
   (You found it on level 4 of the Vaults)

   [ring of magical power]

   It affects your intelligence (-2).
   It greatly protects you from negative energy.
   It affects your magic capacity (+9).
 T - the ring of Benim (right hand) {Wiz MP+9, =R}
   (You bought it in a shop in a bazaar)

   [ring of wizardry]

   It improves your spell success rate.
   It affects your magic capacity (+9).
Wands
 k - a wand of paralysis (28)
 q - a wand of enslavement (8)
 x - a wand of acid (1)
 J - a wand of polymorph (36)
 K - a wand of digging (2)
Scrolls
 f - 5 scrolls of immolation
 z - 9 scrolls of remove curse {@r2}
 F - 2 scrolls of blinking
 G - 3 scrolls of magic mapping
 H - 21 scrolls of identify {@r1}
 L - 3 scrolls of fog
 M - 10 scrolls of teleportation
 S - 4 scrolls of amnesia
 X - a scroll of silence
Potions
 h - a potion of resistance
 m - 4 potions of attraction
 o - 6 potions of brilliance
 p - a potion of berserk rage
 y - 2 potions of magic
 A - a potion of might
 B - 2 potions of invisibility
 E - 14 potions of curing
 I - a potion of ambrosia
 W - 7 potions of flight
Miscellaneous
 c - a phial of floods
 g - a tin of tremorstones (inert)
 n - a lightning rod (4/4)
 D - a condenser vane (inert)
 Q - a box of beasts (inert)
 V - a phantom mirror


   Skills:
 + Level 15.0 Fighting
 + Level 15.0 Short Blades
 + Level 15.0 Long Blades
 + Level 15.0 Axes
 + Level 15.0 Maces & Flails
 + Level 15.0 Polearms
 + Level 15.0 Staves
 + Level 15.0 Slings
 + Level 15.0 Bows
 + Level 15.0 Crossbows
 + Level 15.0 Throwing
 + Level 15.0 Armour
 + Level 15.6 Dodging
 + Level 15.5 Stealth
 + Level 15.0 Shields
 + Level 15.0 Unarmed Combat
 + Level 15.6 Spellcasting
 + Level 13.1 Conjurations
 + Level 12.9 Hexes
 + Level 12.9 Summonings
 + Level 12.9 Necromancy
 + Level 12.9 Translocations
 + Level 12.9 Transmutations
 + Level 12.9 Fire Magic
 + Level 12.9 Ice Magic
 + Level 13.8 Air Magic
 + Level 12.9 Earth Magic
 + Level 12.9 Poison Magic
 + Level 16.2 Invocations
 + Level 15.0 Evocations


You had 3 spell levels left.
You knew the following spells:

 Your Spells              Type           Power        Failure   Level
a - Statue Form           Tmut/Erth      #######..    1%          6
b - Fireball              Conj/Fire      #######...   1%          5
c - Summon Lightning Spi  Summ/Air       #######.     1%          4
d - Dispel Undead         Necr           #######.     1%          4
e - Airstrike             Air            #######...   1%          4
f - Lightning Bolt        Conj/Air       #######...   1%          5
g - Vampiric Draining     Necr           #######...   1%          3
h - Apportation           Tloc           ######       1%          1
i - Fulminant Prism       Conj/Hex       #######...   1%          4
j - Wereblood             Tmut           #######.     1%          2
k - Animate Dead          Necr           #######...   1%          4
l - Dazzling Flash        Conj/Hex       ######       1%          3
m - Swiftness             Air            #######.     1%          2
n - Inner Flame           Hex/Fire       #######.     1%          3

Your spell library contained the following spells:

 Spells                   Type           Power        Failure   Level
 Magic Dart               Conj           ####         0%          1
 Shock                    Conj/Air       ####         0%          1
 Animate Skeleton         Necr           ######       1%          1
 Beastly Appendage        Tmut           ######       1%          1
 Corona                   Hex            #######      1%          1
 Foxfire                  Conj/Fire      ####         1%          1
 Pain                     Necr           ####         1%          1
 Summon Small Mammal      Summ           ####         1%          1
 Call Imp                 Summ           #######.     1%          2
 Ensorcelled Hibernation  Hex/Ice        ######       1%          2
 Searing Ray              Conj           ######       1%          2
 Call Canine Familiar     Summ           #######.     1%          3
 Confusing Touch          Hex            #######.     1%          3
 Conjure Flame            Conj/Fire      #######.     1%          3
 Gell's Gravitas          Tloc           #######...   1%          3
 Ignite Poison            Fire/Tmut/Pois #######.     1%          3
 Portal Projectile        Hex/Tloc       ######       1%          3
 Spider Form              Tmut/Pois      #######...   1%          3
 Static Discharge         Conj/Air       #######.     1%          3
 Summon Guardian Golem    Hex/Summ       #######.     1%          3
 Tukima's Dance           Hex            #######.     1%          3
 Ice Form                 Ice/Tmut       #######.     1%          4
 Iskenderun's Mystic Bla  Conj/Tloc      #######.     1%          4
 Petrify                  Tmut/Erth      #######.     1%          4
 Sticky Flame             Conj/Fire      #######.     1%          4
 Summon Ice Beast         Ice/Summ       #######.     1%          4
 Agony                    Necr           #######.     1%          5
 Alistair's Intoxication  Tmut/Pois      #######..    1%          5
 Blade Hands              Tmut           #######...   1%          5
 Irradiate                Conj/Tmut      #######...   1%          5
 Metabolic Englaciation   Hex/Ice        #######...   1%          5
 Yara's Violent Unravell  Hex/Tmut       #######...   1%          5
 Conjure Ball Lightning   Conj/Air       #######...   1%          6
 Dispersal                Tloc           #######...   1%          6
 Hydra Form               Tmut           #######...   1%          6
 Starburst                Conj/Fire      #######...   1%          6
 Dragon Form              Tmut           #######...   9%          7
 Disjunction              Tloc           #######...   52%         8
 Ignition                 Fire           #######...   52%         8


Dungeon Overview and Level Annotations

Branches:
Dungeon (15/15)            Temple (0/1) D:7            Lair (6/6) D:8
  Swamp (4/4) Lair:2        Snake (4/4) Lair:4        Slime (0/5) Lair:6
    Orc (2/2) D:10            Elf (3/3) Orc:2        Vaults (4/5) D:13
  Crypt (3/3) Vaults:3       Tomb (0/3) Crypt:3      Depths (2/5) D:15

Altars:
Cheibriados
Dithmenos
Fedhas
Kikubaaqudgha
Makhleb
Qazlal
Trog
Uskayaw
Xom
Yredelemnul
Zin

Shops:
D:12 ?   D:13 *   Orc:2 [!*?   Elf:2 ?=*(   Snake:1 ?**   Snake:3 [*[=
Vaults:3 =   Vaults:4 [   Depths:1 =

Portals:
Hell: Depths:1
Trove: D:15 (give 7 scrolls of fog)

Annotations:
D:5 2 transporters, Vern1's ghost, novice GrFi
D:6 @ XL 5.4, build for airstrike @ low fail rate. Troll leather etc
Lair:2 1 runed translucent door, FalseProphet's ghost, journeyman GrCj
Snake:4 1 runed translucent door, Gygal Fez's ghost, adept MiFi
Elf:2 3 runed translucent doors
Depths:1 exclusion: downstairs


Innate Abilities, Weirdness & Mutations

Your experience applies equally to all skills.
You have very sharp teeth.
Your uncanny sense of smell can sniff out nearby items.
You are frail. (-10% HP)


Message History

The tengu conjurer hits you but does no damage.
The tengu conjurer pecks you but does no damage.
The tengu conjurer claws you but does no damage.
The lich touches you but does no damage.
The lich points at you and mumbles some strange words.
The bolt of lightning hits you!!!
* * * LOW HITPOINT WARNING * * *
The rakshasa hits you but does no damage. x2
The tengu conjurer hits you but does no damage.
The tengu conjurer pecks you but does no damage.
The tengu conjurer claws you but does no damage.
The lich touches you but does no damage.
The tengu warrior shoots a bolt.
The bolt hits you.
* * * LOW HITPOINT WARNING * * *
The rakshasa hits you from afar with a +0 trident.
* * * LOW HITPOINT WARNING * * *
The rakshasa gestures at you. The lance of force hits you!!
You die...
Fedhas appreciates your contribution to the ecosystem.

# #( #..
#..#
##..Q###
##...R..#
.....R.@#
.....RLQ#
#.>†...C.
..........
#.#C###.###
...W ...
##. ### . ∆


You could see a fire giant, a lich (fast), an ettin, 3 rakshasas, a flayed
ghost, a tengu warrior and a tengu conjurer.

Vanquished Creatures
  Mara (Swamp:3)
  2 ancient liches (Crypt:3)
  Vashnia (Snake:2)
  the Lernaean hydra (Swamp:4)
  A curse toe (Crypt:3)
  A golden dragon (Depths:2)
  Nikola (Snake:2)
  A lich (Crypt:1)
  A deep elf blademaster (Elf:3)
  Asterion (Vaults:1)
  A deep elf master archer (Elf:3)
  8 ancient champions (Crypt:3)
  Roxanne (Swamp:1)
  3 revenants
  3 nagarajas (Snake:4)
  6 deep elf sorcerers (Elf:3)
  A frost giant (Depths:1)
  Aizul (Snake:2)
  Louise (Snake:4)
  7 vault wardens
  An emperor scorpion (shapeshifter) (Vaults:4)
  8 ghouls
  3 curse skulls
  7 ironheart preservers
  A deep elf elementalist (Elf:3)
  5 stone giants
  A war gargoyle (Vaults:4)
  4 very ugly things
  11 vampire knights
  An entropy weaver (Vaults:4)
  2 deep elf demonologists (Elf:3)
  A bunyip (Swamp:3)
  10 deep elf annihilators
  A mummy priest (Crypt:3)
  Snorg (Lair:5)
  An eidolon (Crypt:2)
  6 deep elf death magi
  2 ettins
  2 fire dragons
  An eleionoma (Swamp:4)
  3 great orbs of eyes
  11 jiangshi
  Josephine (D:15)
  3 deep elf high priests (Elf:3)
  19 hydras
  3 yaktaur captains
  A ghost crab (Swamp:4)
  3 rakshasas
  6 naga warriors
  3 vault guards
  3 centaur warriors
  Erica (D:9)
  3 boulder beetles
  17 anacondas
  2 catoblepae
  6 alligators
  7 ogre magi
  2 death knights
  19 two-headed ogres
  2 deep troll shamans (Vaults:4)
  15 dancing weapons
  A death yak (Lair:3)
  7 vampire magi
  Urug (Lair:4)
  4 orc high priests
  8 spriggans
  8 shock serpents
  2 wretched stars (Abyss:3)
  12 naga sharpshooters
  9 deep elf knights
  A soul eater (Crypt:1)
  Nergalle (Orc:1)
  2 salamander mystics (Snake:4)
  A titan zombie (Crypt:3)
  8 shadow wraiths
  A titan skeleton (Vaults:3)
  A fire crab (Vaults:1)
  11 skeletal warriors
  2 goliath frogs (Swamp:2)
  4 deep trolls
  A quicksilver dragon simulacrum (Crypt:1)
  13 swamp dragons
  5 spriggan druids
  An unseen horror (D:13)
  4 flayed ghosts
  2 glowing orange brains
  2 death drakes (shapeshifter)
  3 large abominations
  4 naga ritualists
  7 bog bodies
  4 necromancers
  10 deep elf archers
  A golden dragon skeleton (Crypt:2)
  8 orc knights
  8 ironbrand convokers
  9 phantasmal warriors
  9 harpies
  6 orc sorcerers
  A wolf spider zombie (D:15)
  46 deep elf magi
  9 mana vipers
  4 will-o-the-wisps
  3 manticores
  A shadow dragon skeleton (Vaults:4)
  4 wolf spiders
  A worldbinder (Abyss:3)
  9 ugly things
  2 salamanders (Snake:4)
  6 cyclopes
  20 elephants
  6 guardian serpents
  A frost giant skeleton (Vaults:4)
  Maurice (D:12)
  A guardian serpent (shapeshifter) (Vaults:2)
  9 naga magi
  19 black mambas
  A molten gargoyle (Lair:2)
  A stone giant skeleton (Vaults:3)
  9 vault sentinels
  An eye of devastation (Snake:4)
  A titan simulacrum (Crypt:3)
  2 gargoyles (D:11)
  5 centaur skeletons
  A yellow draconian zombie (Crypt:1)
  A storm dragon simulacrum (Crypt:1)
  24 cane toads
  A grey draconian zombie (Crypt:2)
  3 torpor snails
  A purple draconian zombie (Crypt:3)
  A yaktaur zombie (Vaults:4)
  29 yaktaurs
  A human zombie (Vaults:4)
  A kobold demonologist (D:15)
  7 freezing wraiths
  2 komodo dragons (shapeshifter)
  8 komodo dragons
  An efreet (D:10)
  A death yak skeleton (Crypt:3)
  A swamp worm zombie (Crypt:1)
  2 catoblepas skeletons
  A tengu conjurer (D:13)
  4 guardian mummies (Crypt:3)
  A meliai (shapeshifter) (Vaults:1)
  3 meliai
  2 yaktaur skeletons
  6 hornets
  2 bloated husks
  7 trolls
  9 tyrant leeches
  A tengu simulacrum (Vaults:4)
  A shadow dragon simulacrum (Crypt:1)
  27 blink frogs
  15 slime creatures
  A boulder beetle zombie (Vaults:1)
  A satyr zombie (Crypt:2)
  An ettin zombie (Vaults:4)
  2 ice dragon zombies (Crypt:3)
  2 water elementals
  A vampire (Crypt:3)
  2 tarantellas (shapeshifter)
  An elf zombie (Vaults:4)
  Eustachio (D:6)
  4 air elementals
  2 shadows
  47 yaks
  11 wraiths
  6 wyverns
  3 fire elementals
  2 fire bats (Lair:2)
  A basilisk (shapeshifter) (Elf:1)
  4 basilisks
  A neqoxec (Abyss:3)
  2 human simulacra
  7 vampire mosquitoes
  A steam dragon (shapeshifter) (Elf:3)
  2 wargs
  2 glowing shapeshifter zombies
  17 swamp worms
  A soldier ant (D:10)
  29 nagas
  11 water moccasins
  20 orc warriors
  An infernal demonspawn skeleton (Crypt:3)
  2 sky beasts
  A torturous demonspawn skeleton (Crypt:3)
  3 black bears
  7 swamp drakes
  3 ice beasts
  16 ogres
  2 eyes of draining
  5 necrophages
  2 human skeletons
  3 phantoms
  10 boggarts
  8 centaurs
  A lindwurm skeleton (Crypt:2)
  A fire crab zombie (Crypt:1)
  6 big kobolds
  26 bullfrogs
  A gnoll sergeant (D:13)
  4 earth elementals
  A water moccasin zombie (D:8)
  3 wyvern skeletons
  6 scorpions
  14 killer bees
  2 warg skeletons (Crypt:2)
  14 wights
  7 howler monkeys
  2 electric eels (Lair:6)
  2 centaur zombies (D:11)
  2 bullfrog zombies
  5 hounds
  6 jellies
  3 yaktaur simulacra
  17 orc priests
  2 bullfrog skeletons
  A gnoll shaman (D:5)
  30 orc wizards
  Jessica (D:2)
  8 worker ants
  7 hell rats
  5 iguanas
  A naga zombie (Crypt:3)
  2 naga skeletons
  A hound zombie (Crypt:3)
  2 hound skeletons
  8 gnolls
  A howler monkey skeleton (D:5)
  2 worker ant zombies
  Robin (D:3)
  10 adders
  A swamp drake zombie (Crypt:2)
  2 shadow imps
  4 white imps
  3 ufetubi
  5 oozes
  An adder zombie (D:8)
  3 dart slugs
  4 leopard geckos
  66 orcs
  2 bats
  4 giant cockroaches
  18 goblins
  7 hobgoblins
  9 jackals
  4 quokkas
  A dart slug zombie (Crypt:1)
  6 frilled lizards
  A hobgoblin skeleton (Crypt:1)
  18 kobolds
  A kobold zombie (Crypt:1)
  A leopard gecko skeleton (D:3)
  A quokka zombie (D:8)
  6 rats
  11 ballistomycete spores
1382 creatures vanquished.

Vanquished Creatures (collateral kills)
  Xtahua (Vaults:3)
  A storm dragon (Vaults:4)
  2 revenants
  5 nagarajas (Snake:4)
  A fire giant (Depths:2)
  3 deep elf sorcerers (Elf:3)
  A vault warden (Vaults:3)
  2 ghouls
  A reaper (Crypt:2)
  An ironheart preserver (Vaults:2)
  A very ugly thing (Vaults:2)
  3 stone giants
  A deep elf annihilator (Elf:3)
  An eidolon (Crypt:3)
  2 ettins
  A quicksilver dragon zombie (Crypt:3)
  A deep elf high priest (Elf:3)
  2 fire dragons
  4 jiangshi
  2 yaktaur captains (Vaults:3)
  An ice dragon (Depths:1)
  5 naga warriors
  A boulder beetle (Vaults:3)
  A catoblepas (D:14)
  A spriggan air mage (Depths:1)
  2 death knights (Crypt:2)
  A ghost crab (Swamp:2)
  2 centaur warriors
  6 hydras
  5 anacondas
  5 two-headed ogres
  An ogre mage (D:15)
  9 alligators
  11 naga sharpshooters
  A vampire mage (Crypt:3)
  A shock serpent (Snake:4)
  A hell knight (Vaults:3)
  3 deep elf knights
  3 goliath frogs
  7 skeletal warriors
  3 swamp dragons
  A spriggan druid (Swamp:3)
  2 deep trolls
  A sea snake (Snake:3)
  5 naga ritualists
  2 ironbrand convokers
  3 bog bodies
  5 deep elf archers
  6 mana vipers
  A necromancer (Crypt:1)
  2 phantasmal warriors
  9 deep elf magi
  A manticore (D:14)
  7 ugly things
  A moth of wrath (Swamp:4)
  An orc sorcerer (Orc:1)
  A fire giant zombie (Vaults:4)
  A worldbinder (Abyss:3)
  A will-o-the-wisp (Swamp:1)
  A wolf spider (D:14)
  9 naga magi
  4 elephants (Lair:6)
  4 cyclopes
  6 guardian serpents
  2 vault sentinels
  15 black mambas
  7 cane toads (Lair:6)
  A gargoyle (D:14)
  4 komodo dragons
  2 guardian mummies (Crypt:3)
  2 freezing wraiths (Crypt:2)
  6 yaktaurs
  4 tyrant leeches
  A wind drake (Vaults:3)
  A bloated husk (Swamp:2)
  A tengu simulacrum (Vaults:3)
  A hornet (D:15)
  A large abomination (Abyss:3)
  A meliai (D:14)
  2 trolls
  5 slime creatures
  4 blink frogs
  2 spriggans
  27 yaks
  4 wraiths
  A vampire (D:12)
  2 basilisks
  6 vampire mosquitoes
  8 swamp worms
  17 nagas
  A soldier ant (D:13)
  2 orb spider zombies
  2 water moccasins
  4 swamp drakes
  A black bear (D:10)
  A hornet zombie (D:15)
  3 orc warriors
  2 necrophages
  A boggart (D:15)
  A centaur (D:13)
  An ogre (D:13)
  A big kobold (D:13)
  A bullfrog (D:14)
  A scorpion (Lair:3)
  A yak zombie (Crypt:3)
  An orc priest (Vaults:2)
  2 jellies (Lair:6)
  3 orc wizards
  A hell rat (Lair:5)
  An adder (D:12)
  A gnoll (D:13)
  2 oozes (Lair:6)
  15 orcs
  2 kobolds (D:15)
  A frilled lizard zombie (Crypt:1)
  463 ballistomycete spores
  2 crawling corpses (Elf:3)
  A fulminant prism (Vaults:4)
825 creatures vanquished.

Vanquished Creatures (others)
  2 deep elf high priests (Elf:3)
  A vampire mage (Crypt:1)
  A shock serpent (Snake:4)
  A deep elf archer (Elf:1)
  An oklob plant (Lair:1)
  A black mamba (Snake:2)
  A vault sentinel (Vaults:2)
  A naga mage (Snake:4)
  A bloated husk (Swamp:1)
  A hornet (Swamp:3)
  5 dream sheep (D:10)
  A yak (Lair:3)
  A basilisk (Lair:3)
  A swamp drake (Swamp:4)
  A hell rat (Lair:6)
  An adder (D:12)
  51 ballistomycete spores
  15 foxfires
  102 fulminant prisms
  74 fungi
  128 plants
391 creatures vanquished.

Grand Total: 2598 creatures vanquished

Notes
Turn   | Place    | Note
-------+----------+-------------------------------------------
     0 | D:1      | dolemite99 the Gnoll Air Elementalist began the quest for
                  | the Orb.
     0 | D:1      | Reached XP level 1. HP: 13/13 MP: 6/6
   214 | D:1      | Reached XP level 2. HP: 19/19 MP: 5/7
  1159 | D:2      | Reached skill level 5 in Spellcasting
  1159 | D:2      | Reached XP level 3. HP: 21/25 MP: 4/9
  1382 | D:2      | Reached skill level 1 in Invocations
  1513 | D:2      | Reached skill level 1 in Fighting
  1513 | D:2      | Reached skill level 1 in Short Blades
  1513 | D:2      | Reached skill level 1 in Long Blades
  1513 | D:2      | Reached skill level 1 in Axes
  1513 | D:2      | Reached skill level 1 in Maces & Flails
  1513 | D:2      | Reached skill level 1 in Polearms
  1513 | D:2      | Reached skill level 1 in Staves
  1513 | D:2      | Reached skill level 1 in Slings
  1513 | D:2      | Reached skill level 1 in Bows
  1513 | D:2      | Reached skill level 1 in Crossbows
  1513 | D:2      | Reached skill level 1 in Throwing
  1513 | D:2      | Reached skill level 1 in Armour
  1513 | D:2      | Reached skill level 1 in Shields
  1513 | D:2      | Reached skill level 1 in Unarmed Combat
  1513 | D:2      | Reached skill level 1 in Evocations
  1557 | D:2      | Learned a level 3 spell: Static Discharge
  1861 | D:2      | Reached XP level 4. HP: 32/32 MP: 7/11
  2004 | D:2      | Noticed Jessica
  2006 | D:2      | Killed Jessica
  2007 | D:2      | Reached skill level 1 in Hexes
  2007 | D:2      | Reached skill level 1 in Summonings
  2007 | D:2      | Reached skill level 1 in Necromancy
  2007 | D:2      | Reached skill level 1 in Translocations
  2007 | D:2      | Reached skill level 1 in Transmutations
  2007 | D:2      | Reached skill level 1 in Fire Magic
  2007 | D:2      | Reached skill level 1 in Ice Magic
  2007 | D:2      | Reached skill level 1 in Earth Magic
  2007 | D:2      | Reached skill level 1 in Poison Magic
  2367 | D:3      | Reached XP level 5. HP: 29/37 MP: 6/12
  2926 | D:3      | Found a blossoming altar of Fedhas.
  2926 | D:3      | Noticed Robin
  2956 | D:3      | Killed Robin
  3575 | D:3      | You fall into a shaft and drop 3 floors!
  3598 | D:6      | Noticed Eustachio
  3620 | D:6      | Learned a level 4 spell: Airstrike
  3664 | D:6      | Identified a scroll of acquirement
  3664 | D:6      | Acquired the ring of Xom's Capriciousness {Int+6 Slay+4}
  3673 | D:6      | Learned a level 2 spell: Swiftness
  3698 | D:6      | Killed Eustachio
  3699 | D:6      | Reached skill level 5 in Dodging
  3699 | D:6      | Reached skill level 2 in Invocations
  3699 | D:6      | Reached XP level 6. HP: 41/44 MP: 1/14
  3992 | D:5      | Entered Level 5 of the Dungeon
  4327 | D:4      | Noticed a phantom
  4378 | D:4      | Killed a phantom
  4791 | D:4      | Reached XP level 7. HP: 33/50 MP: 15/15
  5571 | D:3      | Became a worshipper of Fedhas Madash
  6007 | D:5      | Learned a level 1 spell: Shock
  6022 | D:5      | Learned a level 5 spell: Lightning Bolt
  6181 | D:5      | Reached skill level 5 in Stealth
  6196 | D:5      | Reached skill level 3 in Invocations
  6467 | D:5      | Found a transporter.
  6467 | D:5      | Noticed Vern1's ghost (novice GrFi)
  6468 | D:5      | Found a transporter.
  6868 | D:5      | Found a burning altar of Makhleb.
  7240 | D:6      | Found a stormy altar of Qazlal.
  7245 | D:6      | You fall into a shaft and drop 2 floors!
  7315 | D:8      | Noticed a hornet
  7320 | D:8      | Paralysed by a hornet for 1 turns
  7322 | D:8      | Killed a hornet
  7323 | D:8      | Reached XP level 8. HP: 18/58 MP: 7/16
  7326 | D:8      | Reached * piety under Fedhas
  7712 | D:8      | Found a staircase to the Lair.
  7733 | D:8      | Learned a level 4 spell: Fulminant Prism
  7871 | D:7      | Found a glowing silver altar of Zin.
  8630 | D:7      | Found a staircase to the Ecumenical Temple.
  8668 | D:7      | Found a hide-covered altar of Uskayaw.
  8721 | D:6      | Found a snail-covered altar of Cheibriados.
  8734 | D:7      | Found an ancient bone altar of Kikubaaqudgha.
  9062 | D:8      | Reached skill level 4 in Invocations
  9115 | D:8      | Found a basalt altar of Yredelemnul.
  9115 | D:8      | Found a bloodstained altar of Trog.
  9598 | D:8      | Reached XP level 9. HP: 65/65 MP: 13/18
 10246 | D:8      | Found a shadowy altar of Dithmenos.
 10705 | D:8      | Reached ** piety under Fedhas
 11134 | D:9      | Noticed a troll
 11225 | D:9      | Killed a troll
 11702 | D:9      | Reached skill level 5 in Invocations
 12065 | D:9      | Reached skill level 5 in Fighting
 12065 | D:9      | Reached skill level 5 in Short Blades
 12065 | D:9      | Reached skill level 5 in Long Blades
 12065 | D:9      | Reached skill level 5 in Axes
 12065 | D:9      | Reached skill level 5 in Maces & Flails
 12065 | D:9      | Reached skill level 5 in Polearms
 12065 | D:9      | Reached skill level 5 in Staves
 12065 | D:9      | Reached skill level 5 in Slings
 12065 | D:9      | Reached skill level 5 in Bows
 12065 | D:9      | Reached skill level 5 in Crossbows
 12065 | D:9      | Reached skill level 5 in Throwing
 12065 | D:9      | Reached skill level 5 in Armour
 12065 | D:9      | Reached skill level 5 in Shields
 12065 | D:9      | Reached skill level 5 in Unarmed Combat
 12065 | D:9      | Reached skill level 5 in Evocations
 12065 | D:9      | Reached XP level 10. HP: 61/74 MP: 17/20
 12068 | D:9      | Learned a level 1 spell: Animate Skeleton
 12484 | D:10     | Entered Level 10 of the Dungeon
 12526 | D:10     | Reached *** piety under Fedhas
 12603 | D:10     | Reached skill level 5 in Conjurations
 12747 | D:10     | Reached skill level 6 in Invocations
 13424 | D:10     | Noticed a two-headed ogre
 13432 | D:9      | Learned a level 4 spell: Iskenderun's Mystic Blast
 13546 | D:10     | Found a shimmering altar of Xom.
 14097 | D:10     | Noticed Erica
 14116 | D:9      | HP: 3/75 [poisoned by Erica (bolt of poison)]
 14131 | D:9      | Killed Erica
 14132 | D:9      | Reached XP level 11. HP: 23/81 MP: 19/22
 14701 | D:10     | You fall into a shaft and drop 3 floors!
 14783 | D:12     | Noticed Maurice
 14877 | D:12     | Noticed a manticore
 14881 | D:12     | Killed Maurice
 14885 | D:12     | Killed a manticore
 14897 | D:12     | Reached skill level 5 in Hexes
 14897 | D:12     | Reached skill level 5 in Summonings
 14897 | D:12     | Reached skill level 5 in Necromancy
 14897 | D:12     | Reached skill level 5 in Translocations
 14897 | D:12     | Reached skill level 5 in Transmutations
 14897 | D:12     | Reached skill level 5 in Fire Magic
 14897 | D:12     | Reached skill level 5 in Ice Magic
 14897 | D:12     | Reached skill level 5 in Earth Magic
 14897 | D:12     | Reached skill level 5 in Poison Magic
 14943 | D:12     | Found Haec's Magic Scroll Emporium.
 15437 | D:12     | Bought 3 scrolls of fear for 126 gold pieces
 15437 | D:12     | Bought a scroll of fog for 24 gold pieces
 15437 | D:12     | Bought a scroll of amnesia for 42 gold pieces
 15437 | D:12     | Bought a scroll of amnesia for 42 gold pieces
 15437 | D:12     | Bought a scroll of enchant weapon for 90 gold pieces
 15555 | D:11     | Noticed a two-headed ogre
 15568 | D:11     | Killed a two-headed ogre
 15652 | D:11     | Reached **** piety under Fedhas
 15927 | D:11     | Reached skill level 7 in Invocations
 16851 | D:11     | Noticed a brown ugly thing
 16860 | D:11     | Killed a brown ugly thing
 17278 | D:11     | Noticed a two-headed ogre
 17283 | D:11     | Killed a two-headed ogre
 17767 | D:11     | Noticed a manticore
 17771 | D:11     | Killed a manticore
 18090 | Lair:1   | Entered Level 1 of the Lair of Beasts
 18101 | Lair:1   | HP: 4/83 [cane toad (2)]
 18446 | Lair:1   | Reached XP level 12. HP: 77/89 MP: 9/24
 18894 | Lair:1   | Noticed a four-headed hydra
 19094 | Lair:1   | Killed a four-headed hydra
 19301 | Lair:1   | Learned a level 4 spell: Summon Lightning Spire
 19759 | Lair:1   | Noticed a seven-headed hydra
 19776 | Lair:1   | Killed a seven-headed hydra
 20092 | Lair:1   | Reached skill level 8 in Invocations
 20448 | Lair:2   | Found a runed translucent door.
 20448 | Lair:2   | Noticed FalseProphet's ghost (journeyman GrCj)
 20645 | Lair:2   | Found a staircase to the Swamp.
 21245 | Lair:3   | Noticed a four-headed hydra
 21257 | Lair:3   | Killed a four-headed hydra
 21492 | Lair:3   | Reached ***** piety under Fedhas
 21611 | Lair:3   | Noticed a seven-headed hydra
 21638 | Lair:3   | Killed a seven-headed hydra
 21861 | Lair:3   | Reached XP level 13. HP: 96/98 MP: 9/26
 22978 | Lair:4   | Noticed Urug
 22996 | Lair:4   | Killed Urug
 23701 | Lair:4   | Reached skill level 9 in Invocations
 24269 | Lair:4   | Found a staircase to the Snake Pit.
 24702 | Lair:4   | Found a shimmering altar of Xom.
 25225 | Lair:5   | Noticed Snorg
 25237 | Lair:5   | Killed Snorg
 25924 | Lair:5   | You fall into a shaft and drop 1 floor!
 25924 | Lair:6   | Entered Level 6 of the Lair of Beasts
 26277 | Lair:5   | Learned a level 3 spell: Vampiric Draining
 26452 | Lair:5   | Reached skill level 10 in Spellcasting
 26612 | Lair:5   | Learned a level 5 spell: Fireball
 27312 | Lair:6   | Reached XP level 14. HP: 39/106 MP: 7/28
 27315 | Lair:6   | Reached skill level 10 in Dodging
 27360 | Lair:6   | Reached skill level 10 in Stealth
 27363 | Lair:6   | HP: 5/108 [set off by their pet (3)]
 27464 | Lair:6   | Reached skill level 10 in Invocations
 28667 | Lair:6   | Found a staircase to the Slime Pits.
 29107 | Lair:6   | Got a sparkling turquoise ring
 29109 | Lair:6   | Identified the ring of Demons {rPois rC+ rN+++ Str+2 Dex-3}
                  | (You found it on level 6 of the Lair of Beasts)
 30276 | D:10     | Found a staircase to the Orcish Mines.
 30630 | Orc:1    | Entered Level 1 of the Orcish Mines
 30647 | Orc:1    | Noticed Nergalle
 30657 | Orc:1    | Killed Nergalle
 31123 | Orc:2    | Entered Level 2 of the Orcish Mines
 31123 | Orc:2    | Found a staircase to the Elven Halls.
 31128 | Orc:2    | Noticed a stone giant
 31157 | Orc:2    | Killed a stone giant
 31531 | Orc:2    | Found a burning altar of Makhleb.
 31640 | Orc:2    | Found a flickering gateway to a bazaar.
 31651 | Bazaar   | Entered a bazaar
 31651 | Bazaar   | Found Warucroq's Distillery.
 31651 | Bazaar   | Found Vyfupp's Antique Weapon Emporium.
 31654 | Bazaar   | Found Ojyojy's General Store.
 31690 | Bazaar   | Found Wuffum's Jewellery Boutique.
 31698 | Bazaar   | Bought the ring of Benim {Wiz MP+9} for 559 gold pieces
 31698 | Bazaar   | Found Wothair's Antique Armour Boutique.
 31706 | Bazaar   | Bought an ancient scale mail for 297 gold pieces
 31716 | Bazaar   | Identified the +4 scale mail of the Albatross {rC+ Str+2
                  | Dex+4} (You bought it in a shop in a bazaar)
 31768 | Bazaar   | Bought a scroll of enchant weapon for 105 gold pieces
 31769 | Bazaar   | Bought a scroll of identify for 28 gold pieces
 31769 | Bazaar   | Bought a scroll of identify for 28 gold pieces
 31769 | Bazaar   | Bought 13 sling bullets for 91 gold pieces
 31769 | Bazaar   | Bought a scroll of amnesia for 49 gold pieces
 31778 | Bazaar   | Learned a level 5 spell: Irradiate
 31796 | Bazaar   | Bought a potion of heal wounds for 70 gold pieces
 31796 | Bazaar   | Bought a potion of heal wounds for 70 gold pieces
 31796 | Bazaar   | Bought a potion of mutation for 112 gold pieces
 31796 | Bazaar   | Bought 2 potions of haste for 280 gold pieces
 31796 | Bazaar   | Bought a potion of haste for 140 gold pieces
 31796 | Bazaar   | Bought a potion of curing for 42 gold pieces
 31796 | Bazaar   | Bought a potion of brilliance for 56 gold pieces
 31796 | Bazaar   | Bought a potion of brilliance for 56 gold pieces
 31796 | Bazaar   | Bought a potion of attraction for 42 gold pieces
 32177 | Orc:2    | Reached XP level 15. HP: 115/115 MP: 22/29
 32890 | Orc:2    | Found Noesm's Armour Emporium.
 32890 | Orc:2    | Found Wuyguej's Distillery.
 32891 | Orc:2    | Found Jussaog's Magic Scroll Shoppe.
 32896 | Orc:2    | Found Zeupp's Assorted Antiques.
 32904 | Orc:2    | Bought a scroll of enchant armour for 112 gold pieces
 32910 | Orc:2    | Bought a scroll labelled NOBOOC NYUDIR for 29 gold pieces
 33992 | D:13     | Got a distressingly furry ring mail
 34003 | D:13     | Identified the cursed +0 ring mail "Zoeduv" {rF++ rN+
                  | Regen+} (You found it on level 13 of the Dungeon)
 34165 | D:13     | Found Tonwiaf's General Store.
 34923 | D:13     | Reached skill level 10 in Air Magic
 35556 | D:13     | Reached skill level 10 in Fighting
 35556 | D:13     | Reached skill level 10 in Short Blades
 35556 | D:13     | Reached skill level 10 in Long Blades
 35556 | D:13     | Reached skill level 10 in Axes
 35556 | D:13     | Reached skill level 10 in Maces & Flails
 35556 | D:13     | Reached skill level 10 in Polearms
 35556 | D:13     | Reached skill level 10 in Staves
 35556 | D:13     | Reached skill level 10 in Slings
 35556 | D:13     | Reached skill level 10 in Bows
 35556 | D:13     | Reached skill level 10 in Crossbows
 35556 | D:13     | Reached skill level 10 in Throwing
 35556 | D:13     | Reached skill level 10 in Armour
 35556 | D:13     | Reached skill level 10 in Shields
 35556 | D:13     | Reached skill level 10 in Unarmed Combat
 35556 | D:13     | Reached skill level 10 in Evocations
 35880 | D:13     | Found a gate to the Vaults.
 36771 | Orc:2    | Bought a scroll of teleportation for 45 gold pieces
 36771 | Orc:2    | Bought 3 scrolls of amnesia for 157 gold pieces
 36776 | Orc:2    | Learned a level 3 spell: Vampiric Draining
 36781 | Orc:2    | Learned a level 4 spell: Animate Dead
 36790 | Orc:2    | Learned a level 5 spell: Lightning Bolt
 36877 | D:10     | Upgraded the game from 0.26-a0-980-g0fe3eaa9ac to
                  | 0.26-a0-1002-g7355149c4d
 37322 | D:14     | Identified the amulet "Hemmidgh" {Acrobat rPois Int+4
                  | Dex+2} (You found it on level 14 of the Dungeon)
 37555 | D:14     | Reached skill level 11 in Invocations
 37855 | D:14     | Found Aviud's Armour Shop.
 38344 | D:15     | Entered Level 15 of the Dungeon
 38399 | D:15     | Noticed Josephine
 38407 | D:15     | Killed Josephine
 40730 | D:15     | Found a staircase to the Depths.
 41101 | D:15     | Reached XP level 16. HP: 114/123 MP: 26/31
 41238 | D:15     | Found a portal to a secret trove of treasure.
 41874 | D:15     | Learned a level 4 spell: Fulminant Prism
 42075 | Swamp:1  | Entered Level 1 of the Swamp
 43401 | Swamp:1  | Identified Roxanne's Reference Book on Transmigration
 43401 | Swamp:1  | Noticed Roxanne
 43438 | Swamp:1  | Killed Roxanne
 47350 | Swamp:3  | Noticed Mara
 47361 | Swamp:3  | Killed Mara
 47362 | Swamp:3  | Reached skill level 12 in Invocations
 48509 | Snake:1  | Entered Level 1 of the Snake Pit
 48629 | Snake:1  | Reached XP level 17. HP: 131/131 MP: 29/33
 49177 | Snake:1  | Identified the +6 whip "Worm" {vorpal, Str-5 Int+6 SInv
                  | Stlth+} (You found it on level 1 of the Snake Pit)
 49565 | Snake:1  | Found Hedetij's Magic Scroll Emporium.
 49611 | Snake:1  | Found Cuopock's Assorted Antiques.
 49613 | Snake:1  | Found Ucutuini's General Store.
 49666 | Snake:1  | Bought a scroll of blinking for 82 gold pieces
 50355 | Snake:2  | Noticed Nikola
 50365 | Snake:2  | Killed Nikola
 50366 | Snake:2  | Reached skill level 10 in Conjurations
 50387 | Snake:2  | Noticed Vashnia
 50402 | Snake:2  | Killed Vashnia
 50914 | Snake:2  | Found a shimmering altar of Xom.
 50942 | Snake:2  | Noticed Aizul
 50958 | Snake:2  | Killed Aizul
 51798 | Snake:3  | Reached skill level 10 in Hexes
 51798 | Snake:3  | Reached skill level 10 in Summonings
 51798 | Snake:3  | Reached skill level 10 in Necromancy
 51798 | Snake:3  | Reached skill level 10 in Translocations
 51798 | Snake:3  | Reached skill level 10 in Transmutations
 51798 | Snake:3  | Reached skill level 10 in Fire Magic
 51798 | Snake:3  | Reached skill level 10 in Ice Magic
 51798 | Snake:3  | Reached skill level 10 in Earth Magic
 51798 | Snake:3  | Reached skill level 10 in Poison Magic
 52125 | Snake:3  | Found Pyangel's Jewellery Shoppe.
 52125 | Snake:3  | Found Vyleruerch's Armour Shoppe.
 52126 | Snake:3  | Found Cihe Otocedd's Assorted Antiques.
 52126 | Snake:3  | Found Turemam's Antique Armour Shoppe.
 52138 | Snake:3  | Bought a pair of twisted boots for 342 gold pieces
 52142 | Snake:3  | Identified the +3 pair of boots of Absence {Str+2} (You
                  | bought it in a shop on level 3 of the Snake Pit)
 53900 | Swamp:4  | Entered Level 4 of the Swamp
 55349 | Swamp:4  | Reached XP level 18. HP: 140/140 MP: 28/34
 55559 | Swamp:4  | Identified the Almanac of the Entourage and Evil Rituals
 55565 | Swamp:4  | Got a wavering brass ring
 55570 | Swamp:4  | Identified the cursed +0 dire flail of Skirmishing {vorpal,
                  | rN++ SInv Stlth-} (You found it on level 4 of the Swamp)
 55589 | Swamp:4  | Identified the ring "Vikhefip" {*Contam rN+ Str+9 SInv
                  | Stlth+} (You found it on level 4 of the Swamp)
 55990 | Swamp:4  | Noticed the 27-headed Lernaean hydra
 56722 | Snake:4  | Entered Level 4 of the Snake Pit
 56722 | Snake:4  | Noticed Louise
 56725 | Snake:4  | Cast into level 2 of the Abyss (Louise)
 56725 | Abyss:2  | Found a corrupted altar of Lugonu.
 56737 | Abyss:3  | Found a corrupted altar of Lugonu.
 56910 | Abyss:3  | Reached skill level 13 in Invocations
 56949 | Abyss:3  | Found a corrupted altar of Lugonu.
 56949 | Abyss:3  | Gained mutation: You are extremely frail. (-30% HP) [a
                  | neqoxec]
 56953 | Abyss:3  | Got an abyssal rune of Zot
 57190 | Snake:4  | Escaped the Abyss
 57201 | Snake:4  | Killed Louise
 59958 | Snake:4  | Found a runed translucent door.
 59959 | Snake:4  | Noticed Gygal Fez's ghost (adept MiFi)
 61271 | Snake:4  | Got a serpentine rune of Zot
 61552 | Snake:3  | Bought a potion of curing for 87 gold pieces
 61853 | Orc:2    | Bought a potion of curing for 48 gold pieces
 61853 | Orc:2    | Bought a potion of curing for 48 gold pieces
 61853 | Orc:2    | Bought a potion of curing for 48 gold pieces
 62076 | Vaults:1 | Entered Level 1 of the Vaults
 62130 | Vaults:1 | Reached XP level 19. HP: 90/132 MP: 26/36
 62130 | Vaults:1 | Noticed Asterion
 62142 | Vaults:1 | Killed Asterion
 63134 | Vaults:1 | You fall into a shaft and drop 1 floor!
 63779 | Vaults:1 | Learned a level 2 spell: Wereblood
 65575 | Vaults:2 | Learned a level 4 spell: Dispel Undead
 65692 | Vaults:2 | Learned a level 6 spell: Statue Form
 65728 | Vaults:2 | Learned a level 1 spell: Apportation
 65818 | D:13     | Bought a potion of invisibility for 128 gold pieces
 66094 | Swamp:4  | Killed the 27-headed Lernaean hydra
 66550 | Swamp:4  | Got a decaying rune of Zot
 66883 | Elf:1    | Entered Level 1 of the Elven Halls
 68815 | Elf:1    | Identified the Collected Works on Attacks
 69262 | D:13     | Bought a scroll of enchant weapon for 120 gold pieces
 69366 | Vaults:2 | Reached skill level 14 in Invocations
 70135 | Vaults:2 | Reached XP level 20. HP: 108/140 MP: 17/37
 71169 | Vaults:3 | Noticed Xtahua
 71193 | Vaults:3 | Paralysed by Xtahua for 7 turns
 71211 | Vaults:3 | Killed Xtahua
 72137 | Vaults:3 | Found a staircase to the Crypt.
 72137 | Vaults:3 | Found an ancient bone altar of Kikubaaqudgha.
 72138 | Vaults:3 | Found a basalt altar of Yredelemnul.
 72204 | Vaults:3 | Found Eviovum's Jewellery Shop.
 73528 | Vaults:3 | Found the cursed +14 obsidian axe {vorpal, +Fly SInv
                  | *Curse}
 74181 | Vaults:4 | Found Cier's Antique Armour Emporium.
 74188 | Vaults:4 | Bought a slimy helmet for 256 gold pieces
 74199 | Vaults:4 | Identified the +0 helmet "Maxzazy" {rC+ rN+ WL- Stlth+}
                  | (You bought it in a shop on level 4 of the Vaults)
 74853 | Vaults:4 | Got a transparent bronze ring
 75882 | Vaults:4 | Reached XP level 21. HP: 147/147 MP: 39/39
 77150 | Vaults:4 | Learned a level 3 spell: Dazzling Flash
 77587 | D:13     | Bought 2 potions of magic for 256 gold pieces
 77755 | Elf:1    | Identified the ring of Discord {rN++ MP+9 Int-2} (You found
                  | it on level 4 of the Vaults)
 77800 | Elf:2    | Found Fywkeemi's Magic Scroll Shop.
 78340 | Elf:2    | Found Hyatep's Jewellery Boutique.
 78634 | Elf:2    | Found Jilydiet's Assorted Antiques.
 79003 | Elf:2    | Reached skill level 15 in Invocations
 79053 | Elf:2    | Learned a level 2 spell: Swiftness
 79102 | Elf:2    | Found Daeppyim's Antique Weapon Shoppe.
 79104 | Elf:2    | Identified the +3 helmet of Fabulous Knowledge {Str+2
                  | Int+3} (You found it on level 2 of the Elven Halls)
 79251 | Elf:2    | Found a runed translucent gate.
 79252 | Elf:2    | Found a runed translucent gate.
 79253 | Elf:2    | Found a runed translucent gate.
 79664 | Crypt:1  | Entered Level 1 of the Crypt
 85172 | Crypt:3  | Entered Level 3 of the Crypt
 85266 | Crypt:3  | Reached skill level 15 in Spellcasting
 85585 | Crypt:3  | Noticed an ancient lich
 85611 | Crypt:3  | Killed an ancient lich
 85612 | Crypt:3  | Reached XP level 22. HP: 155/155 MP: 41/41
 87268 | Crypt:3  | Reached skill level 15 in Dodging
 87629 | Crypt:3  | Reached skill level 15 in Stealth
 89373 | Crypt:3  | Found an ancient bone altar of Kikubaaqudgha.
 89373 | Crypt:3  | Noticed a curse toe
 89391 | Crypt:3  | Killed a curse toe
 89520 | Crypt:3  | Found a basalt altar of Yredelemnul.
 89523 | Crypt:3  | Found the +7 great mace "Undeadhunter" {disrupt, rN+}
 89595 | Crypt:3  | Noticed an ancient lich
 89607 | Crypt:3  | Killed an ancient lich
 90494 | Crypt:3  | Found a staircase to the Tomb.
 90761 | Vaults:4 | Bought a heavily runed cloak for 256 gold pieces
 90771 | Vaults:4 | Identified the +2 cloak "Ceorgh" {Rampage rF+ Dex-5} (You
                  | bought it in a shop on level 4 of the Vaults)
 91078 | Orc:2    | Bought 3 scrolls of enchant armour for 337 gold pieces
 91078 | Orc:2    | Bought a scroll of fog for 30 gold pieces
 91225 | Elf:3    | Entered Level 3 of the Elven Halls
 91905 | Elf:3    | Identified the ring of Wisdom {Dex+6 SInv}
 93040 | Elf:3    | Reached skill level 16 in Invocations
 93413 | Elf:3    | Cast into level 2 of the Abyss (a deep elf sorcerer)
 93431 | Elf:3    | Escaped the Abyss
 93451 | Elf:3    | Identified the +7 trident "Zirroth" {vorpal, rPois MP+9}
 93460 | Elf:3    | Cast into level 3 of the Abyss (a deep elf demonologist)
 93521 | Elf:3    | Escaped the Abyss
 94048 | Elf:3    | Reached XP level 23. HP: 149/162 MP: 42/42
 94449 | Elf:3    | Identified the +1 pair of boots "Yhodueck" {Rampage rElec
                  | rN+ Int+2} (You found it on level 3 of the Elven Halls)
 95339 | Elf:3    | Acquired the +0 pair of boots "Wuosue" {rC+ SInv Stlth-}
 95760 | Elf:2    | Bought a scroll of enchant armour for 127 gold pieces
 96066 | Snake:3  | Bought the +0 pair of fencer's gloves {Riposte Dex+3} for
                  | 680 gold pieces
 96066 | Snake:3  | Found the +0 pair of fencer's gloves {Riposte Dex+3}
 96868 | Depths:1 | Entered Level 1 of the Depths
 96874 | Depths:1 | Reached skill level 15 in Fighting
 96874 | Depths:1 | Reached skill level 15 in Short Blades
 96874 | Depths:1 | Reached skill level 15 in Long Blades
 96874 | Depths:1 | Reached skill level 15 in Axes
 96874 | Depths:1 | Reached skill level 15 in Maces & Flails
 96874 | Depths:1 | Reached skill level 15 in Polearms
 96874 | Depths:1 | Reached skill level 15 in Staves
 96874 | Depths:1 | Reached skill level 15 in Slings
 96874 | Depths:1 | Reached skill level 15 in Bows
 96874 | Depths:1 | Reached skill level 15 in Crossbows
 96874 | Depths:1 | Reached skill level 15 in Throwing
 96874 | Depths:1 | Reached skill level 15 in Armour
 96874 | Depths:1 | Reached skill level 15 in Shields
 96874 | Depths:1 | Reached skill level 15 in Unarmed Combat
 96874 | Depths:1 | Reached skill level 15 in Evocations
 96899 | Depths:1 | Found a gateway to Hell.
 96956 | Depths:1 | Found Naon's Jewellery Emporium.
 97126 | Depths:1 | Identified the +6 rapier of the Jolly Mice {vorpal, Str+4}
                  | (You found it on level 1 of the Depths)
 97233 | Depths:1 | Learned a level 3 spell: Inner Flame
 98093 | Depths:2 | Noticed a golden dragon
 98106 | Depths:2 | Killed a golden dragon
 98106 | Depths:2 | Noticed a caustic shrike
 98213 | Depths:2 | Paralysed by a lich for 5 turns
 98217 | Depths:2 | HP: 8/162 [tengu warrior/bolt (3)]
 98217 | Depths:2 | Killed from afar by a rakshasa (illusionary)

Illustrated notes

Levels and vault maps discovered:
D:1:      elethiomel_arrival_quiet, layout_basic, hex_medium
D:2:      layout_basic, roderic_roman_lattice, uniq_jessica
D:3:      layout_loops_cross, overflow_temple_1_default, uniq_robin
D:4:      layout_rooms
D:5:      layout_cave_pools, lightli_temple_of_fire, gammafunk_ghost_smash,
          serial_column_ruins, column_ruins_hut_ruined,
          column_ruins_columns_plus, column_ruins_corridor_corner,
          column_ruins_columns_straight, column_ruins_grid_3,
          column_ruins_open_small, minmay_fractal_squares_gapless_5
D:6:      lemuel_upstairs_altar, layout_basic, lemuel_round_altar,
          ebering_dispersal_statue_hall, small_statue_intersection,
          uniq_eustachio
D:7:      layout_basic, zin_academy, general_overflow_altar,
          minmay_temple_entry_butterflies, basic_altar
D:8:      layout_loops_corners, kennysheep_mini_moat,
          gammafunk_temple_overflow_statue, lair_entry_dummy
D:9:      layout_basic, dk_noncrumbling_4, nicolae_wwwww, columned_hall_lemuel,
          nrook_mini_backslash
D:10:     layout_small_grid, erik_orc_1, kennysheep_small_spiral,
          kb_xom_exploding_sheep, uniq_erica
D:11:     layout_loops_ring, kennysheep_generic_room_15
D:12:     layout_basic, serial_shops, nicolae_shop_competitors_out_of_business,
          uniq_maurice
D:13:     layout_loops_ring, hangedman_vaults_entry_quadrant_bands,
          serial_shops, shop
D:14:     layout_irregular_city, enter_bailey_5, serial_shops, shop,
          roderic_lattice_octagonal_star
D:15:     hangedman_depths_entry_civil_slaughter, layout_stronghold,
          serial_co_window_serial, co_window_paths_a, co_window_paths_b,
          co_window_of_opportunity_a, co_window_paths_a, co_window_paths_a,
          co_window_of_opportunity_a, co_window_corner_a, co_window_paths_b,
          co_window_corner_a, co_window_corner_cb, co_window_of_opportunity_b,
          co_window_corner_b, co_window_4corner_a, glass_columns_c,
          glass_columns_a, glass_columns_a, glass_columns_a, enter_trove_1,
          kennysheep_four_rooms, uniq_josephine
Lair:1:   layout_regular_city, infiniplex_staircase_pool,
          minmay_lair_oklob_chamber, grunt_megastairs_1, serial_bayou_shore_a
Lair:2:   layout_gridlike, swamp_mist, gammafunk_ghost_grave
Lair:3:   layout_misc_corridors
Lair:4:   layout_cave_pods, minmay_snake_entry_guardpost_medium, basic_altar,
          chequers_serial_rivers_large_b, uniq_urug
Lair:5:   layout_roguey, uniq_snorg
Lair:6:   minmay_lair_end_frog_pond, layout_long_grid,
          nicolae_slime_entry_slimehenge
Swamp:1:  layout_falls_marsh, evilmike_swamp_ruin_house_1, swamp_pool4,
          uniq_roxanne
Swamp:2:  layout_basic_swamp, serial_swamp_ruin, evilmike_swamp_ruin_wall,
          evilmike_swamp_ruin_house_5, evilmike_swamp_ruin_house_4
Swamp:3:  layout_basic_swamp, hangedman_swamp_blocks, swamp_pool5, uniq_mara
Swamp:4:  swamp_old_school, layout_basic_swamp, swamp_pool1, worms_lemuel
Snake:1:  layout_layer_cave, serial_bayou_shore_b, minmay_shop_star,
          grunt_megastairs_2
Snake:2:  layout_cave_town, basic_altar, drop_trap, serial_bayou_pond_e,
          uniq_vashnia, uniq_nikola, uniq_aizul
Snake:3:  layout_honeycomb, st_stairs_10, minmay_shop_grid_forest,
          grunt_ministairs_9, drop_trap
Snake:4:  grunt_snake_rune_serpentine_throne, layout_cave_town,
          ebering_ghost_reflecting_pool, nicolae_snake_round_shape_thing,
          grunt_ministairs_11, uniq_louise
Orc:1:    layout_diamond_mine, uniq_nergalle
Orc:2:    st_orc_mages, layout_caves, serial_shops, bzr_entry_islet,
          nicolae_orc_rockfall, bloody_makhleb
Elf:1:    layout_gridlike, minmay_elf_annihilation, grunt_megastairs_3
Elf:2:    layout_loops_cross, serial_shops, nicolae_shop_overgrown_old_shop,
          shop, shop_statue, nicolae_shop_crystal
Elf:3:    minmay_elf_hall_x, layout_loops_cross
Vaults:1: v_misc_31, nicolae_vaults_stairing_the_circle, grunt_vaults_funnel,
          nicolae_vaults_rhombus_7, v_alt_pattern_3,
          ontoclasm_vaults_decontamination, layout_vaults_omnigrid,
          uniq_asterion
Vaults:2: hangedman_vaults_stitches, grunt_vaults_trifunnel, v_misc_29,
          vaults_room_ringed_pool, grunt_vaults_hallway_short,
          nicolae_vaults_theta, vaults_room_semicircle, vaults_room_fancy_cross,
          v_misc_33, hangedman_vaults_slice, layout_vaults_maze_bifur
Vaults:3: minmay_crypt_entry_necro_gods, v_rooms_2, ontoclasm_vaults_ligature,
          v_alt_pattern_1, st_cross, v_alt_pattern_5, vaults_dpeg_doors,
          v_misc_1, nicolae_vaults_little_squares_6, ontoclasm_vaults_hangar,
          vaults_mumra_lcd, nicolae_vaults_mini_display_case,
          layout_vaults_omnicross, serial_shops, nicolae_shop_stone, uniq_xtahua
Vaults:4: vaults_room_pools, nicolae_vaults_network_quinsquares
          [nicolae_vaults_network_quincunx_subvault,
          nicolae_vaults_network_quincunx_subvault,
          nicolae_vaults_network_quincunx_subvault,
          nicolae_vaults_network_quincunx_subvault], v_pattern_2,
          vaults_room_hangedman_quadrants, v_misc_27, v_misc_23,
          nicolae_vaults_network_star, ontoclasm_vaults_idyll,
          hangedman_vaults_slice, vaults_dpeg_ring, grunt_vaults_diagonal,
          nicolae_vaults_specimen_jars, layout_vaults_ring, serial_shops, shop
Crypt:1:  layout_rooms, grunt_ministairs_6
Crypt:2:  layout_chaotic_city, minmay_misc_feat_five, grunt_megastairs_4
Crypt:3:  lightli_unholy_cathedral, layout_chaotic_city,
          tomb_entry_shell_bobbens
Depths:1: layout_twisted_cross, minmay_misc_feat_tiny, hell_entry, serial_shops,
          shop, kennysheep_two_boxes
Depths:2: minmay_dotted_concentric_squares, layout_cave_shapes,
          grunt_hell_entry_dis_mu, pan_entry, infiniplex_staircase_diamond

Skill      XL: |  1  2  3  4  5  6  7  8  9 10 11 12 13 14 15 16 17 18 19 20 21 22 23 |
---------------+----------------------------------------------------------------------+-----
Conjurations   | 2 3 4 5 6 7 8 9 10 11 12 13 | 13.1
Spellcasting   | 5 6 7 8 9 10 11 12 13 14 15 | 15.6
Invocations    | 1 2 3 4 5 6 7 8 9 10 11 12 13 14 15 16 | 16.2
Fighting       | 1 2 3 5 6 7 8 9 10 11 12 13 14 15 | 15.0
Short Blades   | 1 2 3 5 6 7 8 9 10 11 12 13 14 15 | 15.0
Long Blades    | 1 2 3 5 6 7 8 9 10 11 12 13 14 15 | 15.0
Axes           | 1 2 3 5 6 7 8 9 10 11 12 13 14 15 | 15.0
Maces & Flails | 1 2 3 5 6 7 8 9 10 11 12 13 14 15 | 15.0
Polearms       | 1 2 3 5 6 7 8 9 10 11 12 13 14 15 | 15.0
Staves         | 1 2 3 5 6 7 8 9 10 11 12 13 14 15 | 15.0
Slings         | 1 2 3 5 6 7 8 9 10 11 12 13 14 15 | 15.0
Bows           | 1 2 3 5 6 7 8 9 10 11 12 13 14 15 | 15.0
Crossbows      | 1 2 3 5 6 7 8 9 10 11 12 13 14 15 | 15.0
Throwing       | 1 2 3 5 6 7 8 9 10 11 12 13 14 15 | 15.0
Armour         | 1 2 3 5 6 7 8 9 10 11 12 13 14 15 | 15.0
Shields        | 1 2 3 5 6 7 8 9 10 11 12 13 14 15 | 15.0
Unarmed Combat | 1 2 3 5 6 7 8 9 10 11 12 13 14 15 | 15.0
Evocations     | 1 2 3 5 6 7 8 9 10 11 12 13 14 15 | 15.0
Hexes          | 1 2 3 4 5 6 7 8 9 10 11 12 | 12.9
Summonings     | 1 2 3 4 5 6 7 8 9 10 11 12 | 12.9
Necromancy     | 1 2 3 4 5 6 7 8 9 10 11 12 | 12.9
Translocations | 1 2 3 4 5 6 7 8 9 10 11 12 | 12.9
Transmutations | 1 2 3 4 5 6 7 8 9 10 11 12 | 12.9
Fire Magic     | 1 2 3 4 5 6 7 8 9 10 11 12 | 12.9
Ice Magic      | 1 2 3 4 5 6 7 8 9 10 11 12 | 12.9
Earth Magic    | 1 2 3 4 5 6 7 8 9 10 11 12 | 12.9
Poison Magic   | 1 2 3 4 5 6 7 8 9 10 11 12 | 12.9
Dodging        | 5 6 7 8 9 10 11 12 13 14 15 | 15.6
Stealth        | 5 6 7 8 9 10 11 12 13 14 15 | 15.5
Air Magic      | 6 7 8 9 10 11 12 13 | 13.8

Action                   |  1- 3 |  4- 6 |  7- 9 | 10-12 | 13-15 | 16-18 | 19-21 | 22-24 || total
-------------------------+-------+-------+-------+-------+-------+-------+-------+-------++-------
Melee: Lajatang          |    13 |    55 |   129 |    23 |       |       |       |       ||   220
       Bite              |     1 |     5 |    14 |     8 |    13 |    17 |    49 |    20 ||   127
       Staff             |       |       |    26 |     3 |    50 |    58 |    39 |    35 ||   211
       War axe           |       |       |       |    25 |       |       |       |       ||    25
       Scimitar          |       |       |       |    32 |    33 |       |       |     9 ||    74
       Punch             |       |       |       |     3 |     6 |     1 |       |       ||    10
       Short sword       |       |       |       |    11 |       |       |       |       ||    11
       Demon blade       |       |       |       |       |       |    86 |   137 |     5 ||   228
       Dagger            |       |       |       |       |       |       |    22 |       ||    22
       Unarmed           |       |       |       |       |       |       |    48 |    45 ||    93
       Double sword      |       |       |       |       |       |       |       |    28 ||    28
 Fire: Shortbow          |       |       |       |    29 |       |       |       |       ||    29
       Hunting sling     |       |       |       |   110 |   115 |       |       |       ||   225
       Fustibalus        |       |       |       |       |   630 |   682 |   771 |   490 ||  2573
Throw: Javelin           |       |     3 |    10 |    25 |    14 |    21 |    17 |       ||    90
       Stone             |       |    13 |   129 |     9 |   113 |    47 |    25 |    16 ||   352
       Dart              |       |       |       |     6 |     8 |       |     2 |       ||    16
 Cast: Shock             |    48 |    38 |    22 |    10 |       |       |       |       ||   118
       Static Discharge  |       |     9 |    22 |    11 |    34 |       |       |       ||    76
       Airstrike         |       |     4 |     8 |    54 |    72 |    38 |   133 |    37 ||   346
       Swiftness         |       |     1 |       |     4 |     4 |       |       |       ||     9
       Animate Skeleton  |       |       |       |    24 |    61 |       |       |       ||    85
       Fulminant Prism   |       |       |       |    37 |    28 |    14 |    18 |     7 ||   104
       Iskenderun's Myst |       |       |       |    27 |     7 |     1 |     2 |       ||    37
       Lightning Bolt    |       |       |       |     4 |       |     4 |    69 |    27 ||   104
       Summon Lightning  |       |       |       |     2 |    97 |   138 |    80 |    40 ||   357
       Vampiric Draining |       |       |       |       |     8 |       |       |       ||     8
       Fireball          |       |       |       |       |    17 |     1 |    21 |     9 ||    48
       Irradiate         |       |       |       |       |     1 |     5 |     5 |       ||    11
       Animate Dead      |       |       |       |       |     7 |    69 |    22 |     2 ||   100
       Statue Form       |       |       |       |       |       |       |     6 |     3 ||     9
       Wereblood         |       |       |       |       |       |       |     3 |       ||     3
       Dispel Undead     |       |       |       |       |       |       |    44 |    42 ||    86
       Dazzling Flash    |       |       |       |       |       |       |     4 |       ||     4
       Inner Flame       |       |       |       |       |       |       |       |     1 ||     1
Invok: Wall of Briars    |       |       |       |     2 |    10 |     4 |    12 |     6 ||    34
       Grow Ballistomyce |       |       |       |     3 |    36 |    51 |    46 |    10 ||   146
Evoke: Wand              |       |       |    48 |    49 |    11 |    24 |    32 |    16 ||   180
       Phantom mirror    |       |       |       |     1 |     4 |     8 |    11 |     4 ||    28
       Box of beasts     |       |       |       |       |     6 |     9 |     9 |     6 ||    30
       Tin of tremorston |       |       |       |       |       |     4 |     9 |     7 ||    20
       Lightning rod     |       |       |       |       |       |       |     8 |    10 ||    18
       Condenser vane    |       |       |       |       |       |       |       |     1 ||     1
  Use: Scroll            |       |    13 |     9 |    15 |    28 |    16 |    13 |    14 ||   108
       Potion            |       |       |     5 |    16 |    10 |     7 |    15 |     8 ||    61
 Stab: Distracted        |       |     1 |       |       |       |       |     7 |       ||     8
       Sleeping          |       |     1 |     3 |       |       |       |     3 |       ||     7
       Paralysed         |       |       |     1 |     5 |       |       |     1 |       ||     7
       Invisible         |       |       |       |     1 |       |       |     4 |       ||     5
       Petrified         |       |       |       |     4 |       |       |       |       ||     4
       Confused          |       |       |       |       |     2 |     1 |     3 |       ||     6
Armor: Robe              |     2 |    13 |    32 |    17 |       |       |       |       ||    64
       Skin              |       |       |       |     2 |    18 |       |    73 |    25 ||   118
       Troll leather arm |       |       |       |    60 |    62 |       |       |       ||   122
       Scale mail        |       |       |       |       |    80 |   148 |   122 |    42 ||   392
       Ring mail         |       |       |       |       |     2 |       |       |       ||     2
       Fire dragon scale |       |       |       |       |       |       |       |    68 ||    68
Dodge: Dodged            |    15 |    44 |   180 |   219 |   381 |   419 |   493 |   160 ||  1911
       Repelled          |       |       |       |       |     4 |    31 |    12 |     3 ||    50
Block: Buckler           |       |       |       |       |       |   139 |    23 |       ||   162
       Kite shield       |       |       |       |       |       |       |   397 |   160 ||   557
       Reflection        |       |       |       |       |       |       |    51 |    20 ||    71
       Rpst.: Scimitar   |       |       |       |     8 |    25 |       |       |     2 ||    35
       Demon blade       |       |       |       |       |       |    15 |     8 |       ||    23
       Double sword      |       |       |       |       |       |       |       |     7 ||     7
       Fustibalus        |       |       |       |       |       |       |       |     1 ||     1

Table legend: (Time is in decaauts)
 A = Elapsed time spent in this place.
 B = Non-inter-level travel time spent in this place.
 C = Inter-level travel time spent in this place.
 D = Time resting spent in this place.
 E = Time spent auto-exploring this place.
 F = Levels seen in this place.
 G = Mean time per level.
                   A        B        C        D        E       F      G
               +--------+--------+--------+--------+--------+-----+--------+
         Total |  98286 |  90027 |   8259 |  39806 |  32146 |  48 | 2047.6 |
       Dungeon |  30554 |  27075 |   3479 |  11426 |  10638 |  15 | 2036.9 |
          Lair |  11728 |  10306 |   1422 |   3479 |   4417 |   6 | 1954.7 |
         Swamp |  10088 |   9678 |    410 |   5275 |   2728 |   4 | 2522.0 |
     Snake Pit |   9973 |   9357 |    616 |   3810 |   3509 |   4 | 2493.2 |
  Orcish Mines |   3275 |   2658 |    617 |   1078 |    929 |   2 | 1637.5 |
   Elven Halls |   8359 |   7854 |    505 |   4173 |   2193 |   3 | 2786.3 |
        Vaults |  11262 |  10445 |    817 |   3232 |   4620 |   4 | 2815.5 |
         Crypt |  11059 |  10692 |    367 |   6580 |   2559 |   3 | 3686.3 |
        Depths |   1323 |   1299 |     24 |    557 |    486 |   2 |  661.5 |
         Abyss |    508 |    508 |      0 |    192 |      0 |   4 |  127.0 |
        Bazaar |    151 |    151 |      0 |      0 |     65 |   1 |  151.0 |
               +--------+--------+--------+--------+--------+-----+--------+

Top non-repeatable levels by time:
 Crypt:3: 5371 daAuts
 Snake:4: 4254 daAuts
     D:8: 3586 daAuts
    D:15: 3575 daAuts
    D:13: 3464 daAuts
 Crypt:2: 3444 daAuts
     D:9: 3266 daAuts
Vaults:3: 3156 daAuts
   Elf:1: 3108 daAuts
Vaults:4: 2994 daAuts
   Elf:3: 2834 daAuts
Vaults:2: 2692 daAuts
 Swamp:4: 2691 daAuts
  Lair:4: 2620 daAuts
 Swamp:1: 2541 daAuts
